 Dungeon Crawl Stone Soup version 0.30-a0-371-gad7725a93e (webtiles) character file.

Game seed: 2909517235627388519

116 PentaManta the Sneak (level 4, 0/30 HPs)
             Began as a Vampire Enchanter on Nov 22, 2022.
             Was a Follower of Uskayaw.
             Slain by a phantom (3 damage)
             ... on level 4 of the Dungeon.
             The game lasted 00:12:28 (2515 turns).

PentaManta the Sneak (Vampire Enchanter)            Turns: 2515, Time: 00:12:32

Health: 0/30       AC:  5    Str: 13    XL:     4   Next: 70%
Magic:  4/7        EV: 13    Int: 17    God:    Uskayaw [*.....]
Gold:   230        SH:  0    Dex: 16    Spells: 2/7 levels left

rFire   . . .      SeeInvis +    a - +1 dagger
rCold   . . .      Faith    .    (no shield)
rNeg    + . .      Spirit   .    y - +2 robe {rN+}
rPois   .          Reflect  .    (no helmet)
rElec   .          Harm     .    (no cloak)
rCorr   .          Rampage  .    r - +0 pair of gloves
Will    .....                    (no boots)
Stlth   +++.......               (no amulet)
HPRegen 0.45/turn                b - +6 ring of strength
MPRegen 0.10/turn                (no ring)

@: confusing by touch, healing quickly
A: alive, fangs 3, see invisible, vampiric 2
a: Exsanguinate, Renounce Religion, Stomp


You were on level 4 of the Dungeon.
You worshipped Uskayaw.
Uskayaw was noncommittal.
You visited 1 branch of the dungeon, and saw 4 of its levels.

You collected 230 gold pieces.

Inventory:

Hand Weapons
 a - a +1 dagger (weapon)
 v - a +0 falchion
Missiles
 i - 42 stones (quivered)
Armour
 r - a +0 pair of gloves (worn)
 x - a +0 buckler
 y - a +2 robe of positive energy (worn)
Jewellery
 b - a +6 ring of strength (left hand)
Scrolls
 e - 5 scrolls of teleportation {unknown}
 f - 3 scrolls of identify {unknown}
 g - 2 scrolls of immolation {unknown}
 k - a scroll of poison {unknown}
 m - a scroll of blinking {unknown}
 o - a scroll of magic mapping {unknown}
 u - a scroll of enchant armour {unknown}
 w - a scroll of amnesia {unknown}
Potions
 c - 2 potions of invisibility
 d - a potion of mutation {unknown}
 h - a potion of degeneration {unknown}
 j - a potion of brilliance {unknown}
 l - a potion of might {unknown}
 n - a potion of heal wounds {unknown}
 q - a potion of berserk rage {unknown}
 s - 4 potions of curing {unknown}
 t - 2 potions of attraction {unknown}


   Skills:
 * Level 3.7 Short Blades
 - Level 3.1 Dodging
 + Level 5.8 Stealth
 - Level 2.0 Spellcasting
 - Level 4.4 Hexes


You had 2 spell levels left.
You knew the following spells:

 Your Spells              Type           Power      Damage    Failure   Level
a - Ensorcelled Hibernat  Hex/Ice        18%        N/A       12%         2
b - Confusing Touch       Hex            16%        N/A       10%         3

Your spell library contained the following spells:

 Spells                   Type           Power      Damage    Failure   Level
 Slow                     Hex            64%        N/A       3%          1
 Shock                    Conj/Air       4%         1d3       19%         1
 Static Discharge         Conj/Air       2%         2-3/arc   28%         2
 Tukima's Dance           Hex            16%        N/A       10%         3
 Dazzling Flash           Conj/Hex       18%        N/A       24%         3
 Swiftness                Air            1%         N/A       50%         3
 Vampiric Draining        Necr           1%         2d6       50%         3
 Airstrike                Air            0%         2d(1-17)  88%         4
 Olgreb's Toxic Radiance  Pois           1%         N/A       88%         4
 Yara's Violent Unravell  Hex/Tmut       4%         3d4       91%         5
 Lightning Bolt           Conj/Air       0%         1d11      99%         5
 Enfeeble                 Hex            8%         N/A       100%        7


Dungeon Overview and Level Annotations

Branches:
Dungeon (4/15)
 Temple: D:4-7

Altars:
Trog
Uskayaw
Yredelemnul


Innate Abilities, Weirdness & Mutations

Your natural rate of healing is accelerated.
You have razor-sharp teeth.
You have supernaturally acute eyesight. (SInv)
You are afflicted with vampirism and can become a bat while bloodless.


Message History

The helpless kobold fails to defend itself.
You impale the kobold!!
You kill the kobold!
i - 42 stones (gained 1)
You see here a +0 club.
A phantom comes into view.
An iguana comes into view.
An orc comes into view. It is wielding a +0 hand axe.
An orc priest comes into view. It is wielding a +0 whip.
The orc moves out of view.
An orc wizard comes into view. It is wielding a +0 dagger.
Found a club.
You barely miss the kobold. The kobold hits you but does no damage.
You barely miss the kobold.
The orc priest shouts!
The kobold hits you with a +0 club.
An orc comes into view. It is wielding a +0 dagger.
The kobold hits you but does no damage. The kobold hits you but does no damage.
The phantom attacks as you move away! The phantom misses you.
The kobold attacks as you move away! The kobold hits you with a +0 club.
You see here a +0 chain mail.
The phantom attacks as you move away!
The phantom hits you but does no damage.
The orc priest looks satisfied for a moment.
Casting: Ensorcelled Hibernation (safe; 12% risk of failure)
Confirm with . or Enter, or press ? or * to list all spells.
The spell is quite dangerous to miscast (10% risk of failure)!
Continue anyway? [Y]es or [N]o only, please.
The spell is quite dangerous to miscast (10% risk of failure)!
Continue anyway?
Your hands begin to glow red.
The orc priest calls down the wrath of Beogh upon you.
Beogh smites you!
The phantom hits you but does no damage.
You hit the phantom but do no damage.
The orc priest mumbles some strange prayers to Beogh against you.
Beogh smites you!
Ouch! That really hurt!
* * * LOW HITPOINT WARNING * * *
The phantom hits you.
You die...

######### #.......# #.....o.###
###### .......)..# #....#
..#.#####o#######....############
...#.....[..oKW@.)..............
........#..##.###........########
........#......##........#
...............####......#
.).....##......# ##<##### ......
#.......# ###..÷#####
....>..#####.###...).....#### ##.
.##...♣♣.♣♣.....## #
....♣..♣.♣..♣....##


You could see a phantom, an orc priest, an orc wizard and a kobold.

Vanquished Creatures
  3 adders
  2 worms (D:2)
  A dart slug (D:2)
  2 orcs
  10 ball pythons
  4 bats (D:2)
  4 endoplasms
  4 giant cockroaches
  10 goblins
  9 hobgoblins
  4 jackals
  3 quokkas
  4 frilled lizards
  8 kobolds
  4 rats
72 creatures vanquished.

Notes
Turn   | Place    | Note
-------+----------+-------------------------------------------
     0 | D:1      | PentaManta the Vampire Enchanter began the quest for the
                  | Orb.
     0 | D:1      | Reached XP level 1. HP: 13/13 MP: 3/3
    97 | D:1      | Got Sif Muna's Spellbook of the Lungs and the Stinger
   151 | D:1      | Reached XP level 2. HP: 17/19 MP: 5/5
   280 | D:1      | Reached skill level 5 in Stealth
   436 | D:1      | Gained mutation: You are afflicted with vampirism and can
                  | become a bat while bloodless. [Vampire growth]
   436 | D:1      | Reached XP level 3. HP: 24/24 MP: 6/6
   640 | D:2      | Found a bloodstained altar of Trog.
   752 | D:2      | Learned a level 2 spell: Ensorcelled Hibernation
   756 | D:2      | Learned a level 3 spell: Confusing Touch
  1315 | D:3      | Reached XP level 4. HP: 28/30 MP: 7/7
  1799 | D:3      | Found a basalt altar of Yredelemnul.
  2259 | D:4      | Found a hide-covered altar of Uskayaw.
  2287 | D:4      | Became a worshipper of Uskayaw the Reveller
  2334 | D:4      | Reached * piety under Uskayaw
  2394 | D:4      | Reached ** piety under Uskayaw
  2497 | D:4      | Noticed a phantom
  2515 | D:4      | Slain by a phantom

Illustrated notes

Levels and vault maps discovered:
D:1:      nzn_arrival_settlement, layout_rooms
D:2:      layout_rooms, basic_altar
D:3:      layout_loops_corners, yredelemnul_altar_generic, dk_noncrumbling_3,
          minmay_bisected
D:4:      layout_basic, mainiacjoe_overflow_small_starburst, uniq_ijyb,
          uniq_edmund

Skill      XL: |  1  2  3 |
---------------+----------+-----
Short Blades   | 2 3 |  3.7
Stealth        | 5 |  5.8
Dodging        | 3 |  3.1
Spellcasting   | |  2.0
Hexes          | |  4.4

Action                   |  1- 3 |  4- 6 || total
-------------------------+-------+-------++-------
Melee: Dagger            |   138 |    95 ||   233
       Bite              |     7 |     9 ||    16
       Punch             |       |     1 ||     1
Throw: Stone             |    14 |       ||    14
 Cast: Ensorcelled Hiber |     4 |     9 ||    13
       Confusing Touch   |       |     1 ||     1
 Stab: Sleeping          |    12 |     7 ||    19
Armor: Robe              |    21 |    19 ||    40
       Leather armour    |     2 |     5 ||     7
Dodge: Dodged            |    72 |    47 ||   119

Table legend: (Time is in decaauts)
 A = Elapsed time spent in this place.
 B = Non-inter-level travel time spent in this place.
 C = Inter-level travel time spent in this place.
 D = Time resting spent in this place.
 E = Time spent auto-exploring this place.
 F = Levels seen in this place.
 G = Mean time per level.
                   A        B        C        D        E       F      G
               +--------+--------+--------+--------+--------+-----+--------+
         Total |   2483 |   2328 |    155 |     51 |   1542 |   4 |  620.8 |
       Dungeon |   2483 |   2328 |    155 |     51 |   1542 |   4 |  620.8 |
               +--------+--------+--------+--------+--------+-----+--------+

Top non-repeatable levels by time:
     D:3: 957 daAuts
     D:2: 689 daAuts
     D:1: 591 daAuts
     D:4: 246 daAuts
